Monarchs vs Thunder
Created - 25 novembre 2015 at 23:12
Goals
|
| Monarchs |
3 |
3 |
2 |
8 |
| Thunder |
1 |
1 |
0 |
2 |
|
Shots
|
| Monarchs |
16 |
11 |
5 |
32 |
| Thunder |
15 |
5 |
7 |
27 |
|
1st period
1. Thunder , Matt Martin 4 (David Clarkson, Adam Hall) at 8:47
2. Monarchs , Mason Raymond 7 (Mikael Backlund, John Zeiler) at 9:41
3. Monarchs , John Zeiler 10 (Mason Raymond) at 11:16
4. Monarchs , Jay Beagle 1 (John Mitchell, Andrej Meszaros) at 15:33
Penalties :
Adam Hall (TRO) for Holding (Minor) at 6:38, Joey Ryan (TRO) for Hooking (Minor) at 0:00
2nd period
5. Thunder , David Clarkson 6 (Carl Hagelin, Jesse Blacker) at 2:46
6. Monarchs , John Zeiler 11 (Cam Fowler, Andrej Meszaros) at 14:27 (PP)
7. Monarchs , Mats Zuccarello 6 (Randy Robitaille) at 17:51 (PP)
8. Monarchs , Randy Robitaille 12 (Mats Zuccarello) at 17:55
Penalties :
Brett Festerling (TRO) for Hooking (Minor) at 3:43, Cam Fowler (MAN) for Hooking (Minor) at 6:12, Mat Clark (TRO) for Charging (Minor) at 10:45, David Fischer (TRO) for Roughing (Double Minor) at 13:54, Tom Pyatt (TRO) for Hooking (Minor) at 17:47
3rd period
9. Monarchs , Marek Zagrapan 2 (Chris Dingman, Cam Fowler) at 2:08
10. Monarchs , Chris Dingman 15 (Mats Zuccarello, Matt Tennyson) at 15:32
Penalties :
Colby Cohen (TRO) for Roughing (Minor) at 2:17, Adam Hall (TRO) for Slashing (Minor) at 9:52, Mat Clark (TRO) for Hooking (Minor) at 17:55
Goalie Stats
Richard Bachman (MAN), 25 saves from 27 shots - (0,926), W, 5-7-0, 60:00 minutes
Barry Brust (TRO), 3 saves from 5 shots - (0,600), 22:05 minutes
Corey Crawford (TRO), 21 saves from 27 shots - (0,778), L, 8-7-1, 37:55 minutes
Players Stats for Monarchs
Player Name G A P +/- PIM S H SB GA TA FO MP PP MP PK MP
------------------------------------------------------------------------------------
Alec Martinez 0 0 0 1 0 2 0 1 0 0 0/0 23:22 6:08 0:39
Andrej Meszaros 0 2 2 1 0 2 3 2 0 1 0/0 27:38 10:22 1:20
Cam Fowler 0 2 2 2 2 0 1 2 0 0 0/0 19:56 10:22 0:00
Chris Dingman 1 1 2 3 0 2 4 0 1 1 4/5 25:53 8:36 1:11
Jay Beagle 1 0 1 -1 0 4 1 1 1 0 0/1 13:14 0:10 0:14
John Mitchell 0 1 1 -1 0 5 0 0 0 1 3/8 11:59 0:34 0:00
John Zeiler 2 1 3 2 0 3 1 0 0 0 0/0 18:30 7:23 0:00
Jon Merrill 0 0 0 1 0 0 3 1 0 0 0/0 22:08 6:08 1:20
Kyle Clifford 0 0 0 0 0 2 2 0 0 1 1/1 11:24 0:00 0:14
Marek Zagrapan 1 0 1 0 0 1 1 0 0 0 1/4 7:40 0:17 0:00
Mason Raymond 1 1 2 2 0 2 1 0 0 0 0/1 19:14 7:23 0:34
Mats Zuccarello 1 2 3 2 0 3 0 1 0 2 2/2 22:33 8:50 1:11
Matt Tennyson 0 1 1 2 0 0 0 0 0 0 0/0 10:13 0:00 0:00
Mikael Backlund 0 1 1 2 0 2 2 0 1 1 7/13 18:30 7:23 0:00
Paul Bissonnette 0 0 0 1 0 1 0 0 0 0 0/0 6:44 0:00 0:00
Randy Robitaille 1 1 2 2 0 2 1 0 0 0 19/31 22:10 8:54 0:34
Theo Peckham 0 0 0 1 0 1 0 1 0 0 0/0 16:52 0:00 0:39
Trevor Lewis 0 0 0 0 0 0 0 0 0 0 0/0 0:00 0:00 0:00
Zac Rinaldo 0 0 0 0 0 0 0 0 0 0 0/0 0:00 0:00 0:00
Players Stats for Thunder
Player Name G A P +/- PIM S H SB GA TA FO MP PP MP PK MP
------------------------------------------------------------------------------------
Adam Hall 0 1 1 -2 4 1 1 0 2 0 1/3 21:19 1:04 6:50
Bobby Farnham 0 0 0 0 0 0 0 0 0 0 0/0 0:15 0:00 0:00
Brandon Mashinter 0 0 0 -2 0 0 0 0 0 0 3/9 12:02 0:55 0:00
Brett Festerling 0 0 0 -2 2 2 0 0 1 0 0/0 19:18 0:40 5:57
Carl Hagelin 0 1 1 0 0 0 0 0 0 0 0/0 4:56 0:00 0:00
Casey Pierro-Zabotel 0 0 0 0 0 1 0 0 0 0 0/1 3:50 0:00 3:26
Colby Cohen 0 0 0 0 2 0 1 0 0 0 0/0 9:49 0:00 0:00
Dalton Smith 0 0 0 0 0 0 0 0 0 0 0/0 1:00 0:00 0:55
Dany Roussin 0 0 0 -2 0 2 2 0 0 0 0/0 18:57 0:55 6:45
David Clarkson 1 1 2 0 0 2 0 0 0 0 0/0 11:35 0:00 0:00
David Fischer 0 0 0 -2 4 0 0 1 0 1 0/0 18:46 0:40 5:41
Derek Forbort 0 0 0 0 0 0 0 0 0 0 0/0 2:17 0:00 2:05
Dmitri Orlov 0 0 0 1 0 0 0 0 0 0 0/0 4:01 0:00 0:00
Jannik Hansen 0 0 0 0 0 0 0 0 0 0 1/1 2:22 0:00 0:00
Jesse Blacker 0 1 1 1 0 0 0 0 0 1 0/0 4:01 0:00 0:00
Joey Ryan 0 0 0 -3 2 4 2 4 1 0 0/0 25:02 1:19 8:46
Kelly Zajac 0 0 0 0 0 0 0 0 0 0 5/8 11:35 0:00 0:00
Mat Clark 0 0 0 0 4 0 2 1 0 0 0/0 11:10 0:00 0:42
Matt Generous 0 0 0 -3 0 1 3 0 1 0 0/0 26:02 1:19 9:49
Matt Martin 1 0 1 0 0 3 1 0 0 0 1/1 11:35 0:00 0:00
Pierre-Alexandre Parente 0 0 0 -2 0 4 1 0 1 0 0/1 16:30 0:55 4:25
Robin Leblanc 0 0 0 0 0 0 2 0 0 0 0/0 4:56 0:00 0:00
Scott Parse 0 0 0 -2 0 5 3 0 1 1 11/20 26:17 1:04 9:16
Taylor Doherty 0 0 0 0 0 0 0 0 0 0 0/0 0:00 0:00 0:00
Tom Pyatt 0 0 0 -2 2 2 2 0 0 0 7/22 15:47 1:04 1:23
3 Stars
1 - John Zeiler (MAN)
2 - Chris Dingman (MAN)
3 - Mats Zuccarello (MAN)
Power Play
Monarchs - 2 on 10 Attempt(s) - 20,00%
Thunder - 0 on 1 Attempt(s) - 0,00%
Penalty Kill
Monarchs - 1 on 1 Attempt(s) - 100,00%
- Score 0 goal in Penalty Kill
Thunder - 8 on 10 Attempt(s) - 80,00%
- Score 0 goal in Penalty Kill
Team Stat
Monarchs - Hits : 20 - Faceoff Wins : 37 - Blocked Shots : 9 - Penalty Minutes : 2
Thunder - Hits : 20 - Faceoff Wins : 29 - Blocked Shots : 6 - Penalty Minutes : 20
Official
Referees : Leggo Mike and Kimmerly Greg
Linesman : Lyle Seitz and Mike Cvik
Game Notes
Barry Brust enters game at 17:55 of 2nd period
Finance
Level 1 -- Attendance: 1400 (70,00%) -- Ticket Income 49 000 $
Level 2 -- Attendance: 750 (75,00%) -- Ticket Income 11 250 $
Total Attendance: 2150 (71,67%)
Total Ticket Income: 60 250 $
Other Income: 3 012 $
Total Income: 63 262 $
Monarchs
5 vs 5 Forward
Center Left Wing Right Wing Time % Phy DF OF
1 Randy Robitaille Chris Dingman Mats Zuccarello 40 1 2 2
2 Mikael Backlund Mason Raymond John Zeiler 30 1 2 2
3 John Mitchell Kyle Clifford Jay Beagle 20 1 2 2
4 Marek Zagrapan Paul Bissonnette Chris Dingman 10 1 2 2
5 vs 5 Defense
Defense Defense Time % Phy DF OF
1 Theo Peckham Andrej Meszaros 40 1 2 2
2 Alec Martinez Jon Merrill 30 1 2 2
3 Cam Fowler Matt Tennyson 20 1 2 2
4 Alec Martinez Andrej Meszaros 10 1 2 2
PowerPlay Forward
Center Left Wing Right Wing Time % Phy DF OF
1 Randy Robitaille Chris Dingman Mats Zuccarello 60 1 2 2
2 Mikael Backlund Mason Raymond John Zeiler 40 1 2 2
PowerPlay Defense
Defense Defense Time % Phy DF OF
1 Cam Fowler Andrej Meszaros 60 1 2 2
2 Alec Martinez Jon Merrill 40 1 2 2
Penalty Kill 4 Players Forward
Center Wing Time % Phy DF OF
1 Chris Dingman Mats Zuccarello 60 1 2 2
2 Randy Robitaille Mason Raymond 40 1 2 2
Penalty Kill 4 Players Defense
Defense Defense Time % Phy DF OF
1 Jon Merrill Andrej Meszaros 60 1 2 2
2 Alec Martinez Theo Peckham 40 1 2 2
Penalty Kill - 3 Players Forward
Forward Time % Phy DF OF
1 Chris Dingman 60 1 2 2
2 Mats Zuccarello 40 1 2 2
Penalty Kill - 3 Players Defense
Defense Defense Time % Phy DF OF
1 Jon Merrill Andrej Meszaros 60 1 2 2
2 Alec Martinez Theo Peckham 40 1 2 2
4 vs 4 Forward
Center Wing Time % Phy DF OF
1 Chris Dingman Mats Zuccarello 60 1 2 2
2 Randy Robitaille Mason Raymond 40 1 2 2
4 vs 4 Defense
Defense Defense Time % Phy DF OF
1 Jon Merrill Andrej Meszaros 60 1 2 2
2 Alec Martinez Theo Peckham 40 1 2 2
Last Minutes Offensive
Center Left Wing Right Wing Defense Defense
Randy Robitaille Chris Dingman Mats Zuccarello Cam Fowler Andrej Meszaros
Last Minutes Defensive
Center Left Wing Right Wing Defense Defense
Randy Robitaille Chris Dingman Mats Zuccarello Jon Merrill Andrej Meszaros
Goaltenders
Starting : Richard Bachman
Backup : Ben Bishop
Extra Forwards
Normal : John Mitchell, Marek Zagrapan, Jay Beagle - PP : John Mitchell, Marek Zagrapan - PK : Jay Beagle
Extra Defensemen
Normal : Jon Merrill, Cam Fowler, Matt Tennyson - PP : Jon Merrill - PK : Cam Fowler, Matt Tennyson
Penalty Shots
Chris Dingman, Mats Zuccarello, Randy Robitaille, Mason Raymond, Mikael Backlund
Thunder
5 vs 5 Forward
Center Left Wing Right Wing Time % Phy DF OF
1 Tom Pyatt Scott Parse Adam Hall 40 1 2 2
2 Brandon Mashinter Dany Roussin Pierre-Alexandre Parentea30 1 2 2
3 Kelly Zajac Matt Martin David Clarkson 20 1 2 2
4 Scott Parse Carl Hagelin Robin Leblanc 10 1 2 2
5 vs 5 Defense
Defense Defense Time % Phy DF OF
1 Matt Generous Joey Ryan 40 1 2 2
2 David Fischer Brett Festerling 30 1 2 2
3 Mat Clark Colby Cohen 20 1 2 2
4 Dmitri Orlov Jesse Blacker 10 1 2 2
PowerPlay Forward
Center Left Wing Right Wing Time % Phy DF OF
1 Tom Pyatt Scott Parse Adam Hall 60 1 2 2
2 Brandon Mashinter Dany Roussin Pierre-Alexandre Parentea40 1 2 2
PowerPlay Defense
Defense Defense Time % Phy DF OF
1 Matt Generous Joey Ryan 60 1 2 2
2 David Fischer Brett Festerling 40 1 2 2
Penalty Kill 4 Players Forward
Center Wing Time % Phy DF OF
1 Scott Parse Adam Hall 60 1 2 2
2 Pierre-Alexandre ParenteaDany Roussin 40 1 2 2
Penalty Kill 4 Players Defense
Defense Defense Time % Phy DF OF
1 Matt Generous Joey Ryan 60 1 2 2
2 David Fischer Brett Festerling 40 1 2 2
Penalty Kill - 3 Players Forward
Forward Time % Phy DF OF
1 Scott Parse 60 1 2 2
2 Adam Hall 40 1 2 2
Penalty Kill - 3 Players Defense
Defense Defense Time % Phy DF OF
1 Matt Generous Joey Ryan 60 1 2 2
2 David Fischer Brett Festerling 40 1 2 2
4 vs 4 Forward
Center Wing Time % Phy DF OF
1 Scott Parse Adam Hall 60 1 2 2
2 Pierre-Alexandre ParenteaDany Roussin 40 1 2 2
4 vs 4 Defense
Defense Defense Time % Phy DF OF
1 Matt Generous Joey Ryan 60 1 2 2
2 David Fischer Brett Festerling 40 1 2 2
Last Minutes Offensive
Center Left Wing Right Wing Defense Defense
Tom Pyatt Scott Parse Adam Hall Matt Generous Joey Ryan
Last Minutes Defensive
Center Left Wing Right Wing Defense Defense
Tom Pyatt Scott Parse Adam Hall Matt Generous Joey Ryan
Goaltenders
Starting : Corey Crawford
Backup : Barry Brust
Extra Forwards
Normal : Jannik Hansen, Bobby Farnham, Casey Pierro-Zabotel - PP : Jannik Hansen, Bobby Farnham - PK : Casey Pierro-Zabotel
Extra Defensemen
Normal : Taylor Doherty, Derek Forbort, Mat Clark - PP : Taylor Doherty - PK : Derek Forbort, Mat Clark
Penalty Shots
Scott Parse, Adam Hall, Pierre-Alexandre Parenteau, Dany Roussin, Matt Martin
% Time on Ice - Monarchs
Lines # - Real PCT - Wanted PCT - Time Play
Normal Forward
1 - 31% - 40% - 12:47
2 - 27% - 30% - 11:17
3 - 26% - 20% - 10:43
4 - 16% - 10% - 6:44
Normal Defense
1 - 44% - 40% - 18:04
2 - 31% - 30% - 12:52
3 - 19% - 20% - 8:03
4 - 6% - 10% - 2:32
PP Forward
1 - 55% - 60% - 9:07
2 - 45% - 40% - 7:23
PP Defense
1 - 63% - 60% - 10:22
2 - 37% - 40% - 6:08
PK Forward
1 - 71% - 60% - 1:25
2 - 29% - 40% - 0:34
PK Defense
1 - 67% - 60% - 1:20
2 - 33% - 40% - 0:39
PK3 Forward
1 - 0% - 60%
2 - 0% - 40%
PK3 Defense
1 - 0% - 60%
2 - 0% - 40%
44 Forward
1 - 0% - 60%
2 - 0% - 40%
44 Defense
1 - 0% - 60%
2 - 0% - 40%
Last Minute Offensive - 0:00
Last Minute Defensive - 0:00
Total
Forward - 60:00
Defense - 60:00
|
% Time on Ice - Thunder
Lines # - Real PCT - Wanted PCT - Time Play
Normal Forward
1 - 33% - 40% - 13:50
2 - 27% - 30% - 11:10
3 - 28% - 20% - 11:35
4 - 12% - 10% - 4:56
Normal Defense
1 - 37% - 40% - 15:17
2 - 30% - 30% - 12:26
3 - 24% - 20% - 9:47
4 - 10% - 10% - 4:01
PP Forward
1 - 54% - 60% - 1:04
2 - 46% - 40% - 0:55
PP Defense
1 - 66% - 60% - 1:19
2 - 34% - 40% - 0:40
PK Forward
1 - 73% - 60% - 12:05
2 - 27% - 40% - 4:25
PK Defense
1 - 60% - 60% - 9:58
2 - 40% - 40% - 6:32
PK3 Forward
1 - 0% - 60%
2 - 0% - 40%
PK3 Defense
1 - 0% - 60%
2 - 0% - 40%
44 Forward
1 - 0% - 60%
2 - 0% - 40%
44 Defense
1 - 0% - 60%
2 - 0% - 40%
Last Minute Offensive - 0:00
Last Minute Defensive - 0:00
Total
Forward - 60:00
Defense - 60:00
|
Play by Play
1st period
0:01 of 1st period - Randy Robitaille wins face-off versus Tom Pyatt in neutral zone.
0:03 of 1st period - Off-side.
0:04 of 1st period - Mats Zuccarello wins face-off versus Tom Pyatt in neutral zone.
0:29 of 1st period - Theo Peckham is hit by Matt Generous and loses puck.
1:00 of 1st period - Snap shot by Kyle Clifford.
1:00 of 1st period - Stopped by Corey Crawford with a rebound.
1:02 of 1st period - Snap shot by Jay Beagle.
1:02 of 1st period - Shot Blocked by David Fischer.
1:12 of 1st period - Snap shot by Mats Zuccarello.
1:12 of 1st period - Shot Misses the Net.
1:20 of 1st period - Brett Festerling is hit by Chris Dingman and loses puck.
1:31 of 1st period - Wrist shot by Dany Roussin.
1:31 of 1st period - Stopped by Richard Bachman with a rebound.
2:16 of 1st period - John Mitchell is hit by Dany Roussin and loses puck.
3:00 of 1st period - Randy Robitaille is hit by Adam Hall and loses puck.
3:11 of 1st period - Cam Fowler is hit by Matt Generous and loses puck.
3:26 of 1st period - John Mitchell is hit by Joey Ryan and loses puck.
3:43 of 1st period - Mikael Backlund is hit by Robin Leblanc and loses puck.
3:59 of 1st period - Icing by Dany Roussin.
4:00 of 1st period - Marek Zagrapan wins face-off versus Tom Pyatt in Thunder zone.
4:31 of 1st period - Snap shot by Mats Zuccarello.
4:31 of 1st period - Shot Misses the Net.
4:49 of 1st period - Slapshot by Mikael Backlund.
4:49 of 1st period - Shot Misses the Net.
5:09 of 1st period - Slapshot by Carl Hagelin.
5:09 of 1st period - Shot Misses the Net.
5:38 of 1st period - Wrist shot by Mason Raymond.
5:38 of 1st period - Shot Misses the Net.
5:40 of 1st period - Slapshot by Jay Beagle.
5:40 of 1st period - Stopped by Corey Crawford without a rebound.
5:41 of 1st period - Matt Martin wins face-off versus John Mitchell in Thunder zone.
6:08 of 1st period - Icing by Scott Parse.
6:09 of 1st period - Randy Robitaille wins face-off versus Tom Pyatt in Thunder zone.
6:22 of 1st period - Slapshot by Mats Zuccarello.
6:22 of 1st period - Deflect By Chris Dingman.
6:22 of 1st period - Shot Misses the Net.
6:22 of 1st period - Puck is out of play.
6:23 of 1st period - Scott Parse wins face-off versus Mikael Backlund in Thunder zone.
6:28 of 1st period - Andrej Meszaros is hit by Scott Parse and loses puck.
6:38 of 1st period - Minor Penalty to Adam Hall for Holding.
6:39 of 1st period - Randy Robitaille wins face-off versus Scott Parse in Thunder zone.
6:41 of 1st period - Wrist shot by Mats Zuccarello.
6:41 of 1st period - Shot Misses the Net.
6:43 of 1st period - Slapshot by Cam Fowler.
6:43 of 1st period - Shot Blocked by Joey Ryan.
8:38 of 1st period - Penalty to Adam Hall is over, Adam Hall is back on ice.
8:47 of 1st period - Wrist shot by Matt Martin.
8:47 of 1st period - Goal by Matt Martin - Monarchs : 0 - Thunder : 1.
8:48 of 1st period - Brandon Mashinter wins face-off versus John Mitchell in neutral zone.
8:58 of 1st period - Snap shot by Dany Roussin.
8:58 of 1st period - Stopped by Richard Bachman with a rebound.
9:00 of 1st period - Slapshot by Matt Generous.
9:00 of 1st period - Shot Blocked by Alec Martinez.
9:02 of 1st period - Snap shot by Brandon Mashinter.
9:02 of 1st period - Shot Blocked by Jay Beagle.
9:04 of 1st period - Slapshot by Joey Ryan.
9:04 of 1st period - Stopped by Richard Bachman without a rebound.
9:05 of 1st period - Scott Parse wins face-off versus Randy Robitaille in Monarchs zone.
9:10 of 1st period - Snap shot by Adam Hall.
9:10 of 1st period - Deflect By Tom Pyatt.
9:10 of 1st period - Stopped by Richard Bachman without a rebound.
9:11 of 1st period - Randy Robitaille wins face-off versus Tom Pyatt in Monarchs zone.
9:16 of 1st period - Adam Hall is hit by Chris Dingman and loses puck.
9:39 of 1st period - Slapshot by Mikael Backlund.
9:39 of 1st period - Stopped by Corey Crawford with a rebound.
9:41 of 1st period - Wrist shot by Mason Raymond.
9:41 of 1st period - Goal by Mason Raymond - Monarchs : 1 - Thunder : 1.
9:42 of 1st period - Randy Robitaille wins face-off versus Tom Pyatt in neutral zone.
9:54 of 1st period - Snap shot by Randy Robitaille.
9:54 of 1st period - Shot Blocked by Joey Ryan.
10:04 of 1st period - Scott Parse is hit by Andrej Meszaros and loses puck.
10:15 of 1st period - Wrist shot by John Mitchell.
10:15 of 1st period - Stopped by Corey Crawford with a rebound.
10:23 of 1st period - Snap shot by Scott Parse.
10:23 of 1st period - Stopped by Richard Bachman with a rebound.
10:25 of 1st period - Wrist shot by Scott Parse.
10:25 of 1st period - Stopped by Richard Bachman without a rebound.
10:26 of 1st period - Mikael Backlund wins face-off versus Brandon Mashinter in Monarchs zone.
10:31 of 1st period - Slapshot by John Zeiler.
10:31 of 1st period - Stopped by Corey Crawford without a rebound.
10:32 of 1st period - Mikael Backlund wins face-off versus Brandon Mashinter in Thunder zone.
10:47 of 1st period - Snap shot by Pierre-Alexandre Parenteau.
10:47 of 1st period - Shot Blocked by Jon Merrill.
11:07 of 1st period - Dany Roussin is hit by John Zeiler and loses puck.
11:14 of 1st period - Wrist shot by Mason Raymond.
11:14 of 1st period - Shot Misses the Net.
11:16 of 1st period - Snap shot by John Zeiler.
11:16 of 1st period - Goal by John Zeiler - Monarchs : 2 - Thunder : 1.
11:17 of 1st period - Adam Hall wins face-off versus Randy Robitaille in neutral zone.
11:30 of 1st period - Slapshot by Chris Dingman.
11:30 of 1st period - Shot Misses the Net.
11:32 of 1st period - Slapshot by Theo Peckham.
11:32 of 1st period - Stopped by Corey Crawford without a rebound.
11:33 of 1st period - Kelly Zajac wins face-off versus Mikael Backlund in Thunder zone.
11:48 of 1st period - Snap shot by Matt Martin.
11:48 of 1st period - Shot Misses the Net.
12:00 of 1st period - Slapshot by Scott Parse.
12:00 of 1st period - Shot Misses the Net.
12:21 of 1st period - Snap shot by John Mitchell.
12:21 of 1st period - Stopped by Corey Crawford without a rebound.
12:22 of 1st period - John Mitchell wins face-off versus Brandon Mashinter in Thunder zone.
12:25 of 1st period - Snap shot by Kyle Clifford.
12:25 of 1st period - Shot Misses the Net.
12:29 of 1st period - Snap shot by Kyle Clifford.
12:29 of 1st period - Shot Misses the Net.
12:31 of 1st period - Snap shot by Matt Tennyson.
12:31 of 1st period - Shot Misses the Net.
12:43 of 1st period - Snap shot by John Mitchell.
12:43 of 1st period - Stopped by Corey Crawford with a rebound.
12:51 of 1st period - Dany Roussin is hit by Kyle Clifford and loses puck.
13:11 of 1st period - Wrist shot by Pierre-Alexandre Parenteau.
13:11 of 1st period - Stopped by Richard Bachman without a rebound.
13:12 of 1st period - Randy Robitaille wins face-off versus Tom Pyatt in Monarchs zone.
13:12 of 1st period - Randy Robitaille is hit by Colby Cohen.
13:22 of 1st period - Wrist shot by Scott Parse.
13:22 of 1st period - Stopped by Richard Bachman with a rebound.
13:24 of 1st period - Wrist shot by Tom Pyatt.
13:24 of 1st period - Stopped by Richard Bachman with a rebound.
13:26 of 1st period - Wrist shot by Tom Pyatt.
13:26 of 1st period - Shot Misses the Net.
13:28 of 1st period - Wrist shot by Adam Hall.
13:28 of 1st period - Shot Blocked by Mats Zuccarello.
13:59 of 1st period - Wrist shot by Mason Raymond.
13:59 of 1st period - Stopped by Corey Crawford without a rebound.
14:00 of 1st period - Scott Parse wins face-off versus Marek Zagrapan in Thunder zone.
14:13 of 1st period - Snap shot by Chris Dingman.
14:13 of 1st period - Shot Misses the Net.
14:27 of 1st period - Wrist shot by Matt Martin.
14:27 of 1st period - Shot Blocked by Andrej Meszaros.
14:29 of 1st period - Wrist shot by Matt Martin.
14:29 of 1st period - Shot Blocked by Andrej Meszaros.
14:31 of 1st period - Slapshot by Brett Festerling.
14:31 of 1st period - Stopped by Richard Bachman without a rebound.
14:32 of 1st period - Randy Robitaille wins face-off versus Brandon Mashinter in Monarchs zone.
14:36 of 1st period - Off-side.
14:37 of 1st period - Randy Robitaille wins face-off versus Brandon Mashinter in neutral zone.
15:23 of 1st period - Off-side.
15:24 of 1st period - John Mitchell wins face-off versus Kelly Zajac in neutral zone.
15:29 of 1st period - Slapshot by John Mitchell.
15:29 of 1st period - Shot Misses the Net.
15:31 of 1st period - Snap shot by John Mitchell.
15:31 of 1st period - Stopped by Corey Crawford with a rebound.
15:33 of 1st period - Slapshot by Jay Beagle.
15:33 of 1st period - Goal by Jay Beagle - Monarchs : 3 - Thunder : 1.
15:34 of 1st period - Tom Pyatt wins face-off versus Randy Robitaille in neutral zone.
16:00 of 1st period - Chris Dingman is hit by Matt Martin and loses puck.
16:23 of 1st period - Snap shot by Randy Robitaille.
16:23 of 1st period - Stopped by Corey Crawford with a rebound.
16:51 of 1st period - Slapshot by Mats Zuccarello.
16:51 of 1st period - Stopped by Corey Crawford without a rebound.
16:52 of 1st period - Tom Pyatt wins face-off versus Mikael Backlund in Thunder zone.
16:59 of 1st period - Snap shot by Scott Parse.
16:59 of 1st period - Stopped by Richard Bachman with a rebound.
17:01 of 1st period - Slapshot by Brett Festerling.
17:01 of 1st period - Stopped by Richard Bachman without a rebound.
17:02 of 1st period - Mikael Backlund wins face-off versus Tom Pyatt in Monarchs zone.
17:27 of 1st period - Wrist shot by Tom Pyatt.
17:27 of 1st period - Deflect By Mikael Backlund.
17:27 of 1st period - Shot Blocked by Theo Peckham.
17:27 of 1st period - Puck is out of play.
17:28 of 1st period - Brandon Mashinter wins face-off versus John Mitchell in Monarchs zone.
17:31 of 1st period - Snap shot by Pierre-Alexandre Parenteau.
17:31 of 1st period - Stopped by Richard Bachman with a rebound.
17:33 of 1st period - Backhand shot by Pierre-Alexandre Parenteau.
17:33 of 1st period - Stopped by Richard Bachman without a rebound.
17:34 of 1st period - Brandon Mashinter wins face-off versus John Mitchell in Monarchs zone.
18:03 of 1st period - Wrist shot by Mats Zuccarello.
18:03 of 1st period - Shot Misses the Net.
18:21 of 1st period - Slapshot by Mikael Backlund.
18:21 of 1st period - Stopped by Corey Crawford with a rebound.
18:44 of 1st period - Snap shot by John Mitchell.
18:44 of 1st period - Shot Misses the Net.
19:16 of 1st period - David Fischer is hit by Randy Robitaille and loses puck.
19:49 of 1st period - Pierre-Alexandre Parenteau is hit by Kyle Clifford and loses puck.
Goals for this period are 3 for Monarchs vs 1 for Thunder.
Shots for this period are 16 for Monarchs vs 15 for Thunder.
0:00 of 2nd period - Minor Penalty to Joey Ryan for Hooking.
2nd period
0:01 of 2nd period - Scott Parse wins face-off versus Randy Robitaille in neutral zone.
0:10 of 2nd period - Wrist shot by Mats Zuccarello.
0:10 of 2nd period - Stopped by Corey Crawford without a rebound.
0:11 of 2nd period - Scott Parse wins face-off versus Randy Robitaille in Thunder zone.
0:44 of 2nd period - Mason Raymond is hit by Scott Parse and loses puck.
0:53 of 2nd period - Brett Festerling is hit by Mason Raymond and loses puck.
2:00 of 2nd period - Penalty to Joey Ryan is over, Joey Ryan is back on ice.
2:26 of 2nd period - Icing by Jon Merrill.
2:27 of 2nd period - Jannik Hansen wins face-off versus Marek Zagrapan in Monarchs zone.
2:46 of 2nd period - Snap shot by David Clarkson.
2:46 of 2nd period - Goal by David Clarkson - Monarchs : 3 - Thunder : 2.
2:47 of 2nd period - Tom Pyatt wins face-off versus Randy Robitaille in neutral zone.
3:12 of 2nd period - Andrej Meszaros is hit by Matt Generous and loses puck.
3:36 of 2nd period - Slapshot by Andrej Meszaros.
3:36 of 2nd period - Stopped by Corey Crawford without a rebound.
3:37 of 2nd period - Randy Robitaille wins face-off versus Tom Pyatt in Thunder zone.
3:43 of 2nd period - Minor Penalty to Brett Festerling for Hooking.
3:44 of 2nd period - Randy Robitaille wins face-off versus Scott Parse in Thunder zone.
3:48 of 2nd period - Wrist shot by Mats Zuccarello.
3:48 of 2nd period - Shot Misses the Net.
4:21 of 2nd period - Icing by Andrej Meszaros.
4:22 of 2nd period - Mikael Backlund wins face-off versus Scott Parse in Monarchs zone.
4:47 of 2nd period - Wrist shot by Mikael Backlund.
4:47 of 2nd period - Shot Misses the Net.
5:04 of 2nd period - Off-side.
5:05 of 2nd period - Randy Robitaille wins face-off versus Scott Parse in neutral zone.
5:43 of 2nd period - Penalty to Brett Festerling is over, Brett Festerling is back on ice.
5:54 of 2nd period - Icing by Theo Peckham.
5:55 of 2nd period - Kelly Zajac wins face-off versus Jay Beagle in Monarchs zone.
6:08 of 2nd period - Wrist shot by Matt Martin.
6:08 of 2nd period - Stopped by Richard Bachman without a rebound.
6:09 of 2nd period - Randy Robitaille wins face-off versus Tom Pyatt in Monarchs zone.
6:09 of 2nd period - Randy Robitaille is hit by Tom Pyatt.
6:12 of 2nd period - Minor Penalty to Cam Fowler for Hooking.
6:13 of 2nd period - Tom Pyatt wins face-off versus Chris Dingman in Monarchs zone.
6:15 of 2nd period - Wrist shot by Adam Hall.
6:15 of 2nd period - Stopped by Richard Bachman without a rebound.
6:16 of 2nd period - Chris Dingman wins face-off versus Tom Pyatt in Monarchs zone.
6:32 of 2nd period - Slapshot by Andrej Meszaros.
6:32 of 2nd period - Stopped by Corey Crawford with a rebound.
7:15 of 2nd period - Tom Pyatt is hit by Andrej Meszaros and loses puck.
7:34 of 2nd period - Icing by Matt Generous.
7:35 of 2nd period - Kyle Clifford wins face-off versus Pierre-Alexandre Parenteau in Thunder zone.
8:10 of 2nd period - Brett Festerling is hit by Jon Merrill.
8:12 of 2nd period - Penalty to Cam Fowler is over, Cam Fowler is back on ice.
8:29 of 2nd period - Snap shot by Jay Beagle.
8:29 of 2nd period - Deflect By John Mitchell.
8:29 of 2nd period - Stopped by Corey Crawford with a rebound.
10:34 of 2nd period - Icing by Alec Martinez.
10:35 of 2nd period - Randy Robitaille wins face-off versus Brandon Mashinter in Monarchs zone.
10:35 of 2nd period - Randy Robitaille is hit by Pierre-Alexandre Parenteau.
10:45 of 2nd period - Minor Penalty to Mat Clark for Charging.
10:46 of 2nd period - Mikael Backlund wins face-off versus Scott Parse in Thunder zone.
11:39 of 2nd period - Slapshot by Adam Hall.
11:39 of 2nd period - Shot Misses the Net.
12:45 of 2nd period - Penalty to Mat Clark is over, Mat Clark is back on ice.
12:57 of 2nd period - Slapshot by Theo Peckham.
12:57 of 2nd period - Shot Blocked by Mat Clark.
12:59 of 2nd period - Slapshot by Kyle Clifford.
12:59 of 2nd period - Stopped by Corey Crawford without a rebound.
13:00 of 2nd period - John Mitchell wins face-off versus Kelly Zajac in Thunder zone.
13:54 of 2nd period - Double Minor Penalty to David Fischer for Roughing.
13:55 of 2nd period - Scott Parse wins face-off versus Randy Robitaille in Thunder zone.
14:06 of 2nd period - Chris Dingman is hit by Joey Ryan and loses puck.
14:25 of 2nd period - Wrist shot by Andrej Meszaros.
14:25 of 2nd period - Shot Blocked by Joey Ryan.
14:27 of 2nd period - Slapshot by Cam Fowler.
14:27 of 2nd period - Deflect By John Zeiler.
14:27 of 2nd period - Goal by John Zeiler - Monarchs : 4 - Thunder : 2.
14:28 of 2nd period - Chris Dingman wins face-off versus Scott Parse in neutral zone.
16:19 of 2nd period - Chris Dingman is hit by Scott Parse and loses puck.
16:27 of 2nd period - Penalty to David Fischer is over, David Fischer is back on ice.
16:42 of 2nd period - Kyle Clifford is hit by Mat Clark and loses puck.
16:53 of 2nd period - Slapshot by Alec Martinez.
16:53 of 2nd period - Shot Misses the Net.
16:55 of 2nd period - Snap shot by Alec Martinez.
16:55 of 2nd period - Stopped by Corey Crawford with a rebound.
16:57 of 2nd period - Snap shot by Jay Beagle.
16:57 of 2nd period - Stopped by Corey Crawford with a rebound.
16:59 of 2nd period - Wrist shot by Paul Bissonnette.
16:59 of 2nd period - Stopped by Corey Crawford without a rebound.
17:00 of 2nd period - Kelly Zajac wins face-off versus Marek Zagrapan in Thunder zone.
17:41 of 2nd period - Snap shot by Tom Pyatt.
17:41 of 2nd period - Deflect By Scott Parse.
17:41 of 2nd period - Shot Blocked by Cam Fowler.
17:41 of 2nd period - Puck is out of play.
17:42 of 2nd period - Randy Robitaille wins face-off versus Tom Pyatt in Monarchs zone.
17:42 of 2nd period - Randy Robitaille is hit by Tom Pyatt.
17:47 of 2nd period - Minor Penalty to Tom Pyatt for Hooking.
17:48 of 2nd period - Randy Robitaille wins face-off versus Scott Parse in Thunder zone.
17:51 of 2nd period - Snap shot by Mats Zuccarello.
17:51 of 2nd period - Goal by Mats Zuccarello - Monarchs : 5 - Thunder : 2.
17:52 of 2nd period - Mats Zuccarello wins face-off versus Adam Hall in neutral zone.
17:55 of 2nd period - Snap shot by Randy Robitaille.
17:55 of 2nd period - Goal by Randy Robitaille - Monarchs : 6 - Thunder : 2.
17:55 of 2nd period - Barry Brust enters game.
17:56 of 2nd period - Randy Robitaille wins face-off versus Tom Pyatt in neutral zone.
18:03 of 2nd period - Wrist shot by Mats Zuccarello.
18:03 of 2nd period - Deflect By Randy Robitaille.
18:03 of 2nd period - Shot Misses the Net.
18:03 of 2nd period - Puck is out of play.
18:04 of 2nd period - Tom Pyatt wins face-off versus Randy Robitaille in Thunder zone.
18:38 of 2nd period - Snap shot by Scott Parse.
18:38 of 2nd period - Stopped by Richard Bachman with a rebound.
18:40 of 2nd period - Slapshot by Matt Generous.
18:40 of 2nd period - Shot Misses the Net.
18:58 of 2nd period - Slapshot by Joey Ryan.
18:58 of 2nd period - Stopped by Richard Bachman with a rebound.
19:14 of 2nd period - Icing by Tom Pyatt.
19:15 of 2nd period - Scott Parse wins face-off versus Mikael Backlund in Thunder zone.
19:15 of 2nd period - Scott Parse is hit by Mikael Backlund.
19:23 of 2nd period - Scott Parse is hit by Mikael Backlund and loses puck.
19:51 of 2nd period - Icing by Theo Peckham.
19:52 of 2nd period - Kelly Zajac wins face-off versus John Mitchell in Monarchs zone.
Goals for this period are 3 for Monarchs vs 1 for Thunder.
Shots for this period are 11 for Monarchs vs 5 for Thunder.
3rd period
0:01 of 3rd period - Chris Dingman wins face-off versus Adam Hall in neutral zone.
0:10 of 3rd period - Snap shot by Chris Dingman.
0:10 of 3rd period - Shot Misses the Net.
0:41 of 3rd period - Wrist shot by John Zeiler.
0:41 of 3rd period - Shot Misses the Net.
0:59 of 3rd period - Snap shot by Jay Beagle.
0:59 of 3rd period - Stopped by Barry Brust with a rebound.
1:52 of 3rd period - Wrist shot by Marek Zagrapan.
1:52 of 3rd period - Shot Misses the Net.
1:54 of 3rd period - Wrist shot by Chris Dingman.
1:54 of 3rd period - Stopped by Barry Brust with a rebound.
1:56 of 3rd period - Wrist shot by Marek Zagrapan.
1:56 of 3rd period - Shot Blocked by Joey Ryan.
1:58 of 3rd period - Slapshot by Chris Dingman.
1:58 of 3rd period - Shot Misses the Net.
2:08 of 3rd period - Wrist shot by Marek Zagrapan.
2:08 of 3rd period - Goal by Marek Zagrapan - Monarchs : 7 - Thunder : 2.
2:09 of 3rd period - Mikael Backlund wins face-off versus Tom Pyatt in neutral zone.
2:17 of 3rd period - Minor Penalty to Colby Cohen for Roughing.
2:18 of 3rd period - Scott Parse wins face-off versus Mikael Backlund in Thunder zone.
4:17 of 3rd period - Penalty to Colby Cohen is over, Colby Cohen is back on ice.
5:57 of 3rd period - Matt Martin is hit by Marek Zagrapan and loses puck.
7:33 of 3rd period - Joey Ryan is hit by Jay Beagle and loses puck.
9:09 of 3rd period - Brett Festerling is hit by Jon Merrill and loses puck.
9:22 of 3rd period - Scott Parse is hit by Chris Dingman and loses puck.
9:52 of 3rd period - Minor Penalty to Adam Hall for Slashing.
9:53 of 3rd period - Randy Robitaille wins face-off versus Casey Pierro-Zabotel in Thunder zone.
9:54 of 3rd period - Wrist shot by Mats Zuccarello.
9:54 of 3rd period - Deflect By Chris Dingman.
9:54 of 3rd period - Shot Misses the Net.
9:54 of 3rd period - Puck is out of play.
9:55 of 3rd period - Scott Parse wins face-off versus Randy Robitaille in Thunder zone.
10:04 of 3rd period - Snap shot by Chris Dingman.
10:04 of 3rd period - Shot Misses the Net.
10:06 of 3rd period - Wrist shot by Chris Dingman.
10:06 of 3rd period - Deflect By Joey Ryan.
10:06 of 3rd period - Shot Misses the Net.
10:06 of 3rd period - Puck is out of play.
10:07 of 3rd period - Scott Parse wins face-off versus Randy Robitaille in Thunder zone.
10:16 of 3rd period - Snap shot by Scott Parse.
10:16 of 3rd period - Deflect By Casey Pierro-Zabotel.
10:16 of 3rd period - Stopped by Richard Bachman without a rebound.
10:17 of 3rd period - Randy Robitaille wins face-off versus Scott Parse in Monarchs zone.
10:25 of 3rd period - Snap shot by Matt Generous.
10:25 of 3rd period - Deflect By Chris Dingman.
10:25 of 3rd period - Stopped by Richard Bachman without a rebound.
10:26 of 3rd period - Randy Robitaille wins face-off versus Scott Parse in Monarchs zone.
11:47 of 3rd period - Matt Generous is hit by Andrej Meszaros and loses puck.
11:52 of 3rd period - Penalty to Adam Hall is over, Adam Hall is back on ice.
12:45 of 3rd period - Jay Beagle is hit by Mat Clark and loses puck.
14:22 of 3rd period - Kyle Clifford is hit by Robin Leblanc and loses puck.
15:02 of 3rd period - Icing by Marek Zagrapan.
15:03 of 3rd period - Kelly Zajac wins face-off versus Mikael Backlund in Monarchs zone.
15:06 of 3rd period - Snap shot by Matt Martin.
15:06 of 3rd period - Shot Blocked by Cam Fowler.
15:08 of 3rd period - Slapshot by Matt Martin.
15:08 of 3rd period - Shot Misses the Net.
15:10 of 3rd period - Backhand shot by Joey Ryan.
15:10 of 3rd period - Stopped by Richard Bachman with a rebound.
15:12 of 3rd period - Wrist shot by Matt Martin.
15:12 of 3rd period - Stopped by Richard Bachman with a rebound.
15:32 of 3rd period - Snap shot by Chris Dingman.
15:32 of 3rd period - Goal by Chris Dingman - Monarchs : 8 - Thunder : 2.
15:33 of 3rd period - Chris Dingman wins face-off versus Tom Pyatt in neutral zone.
15:36 of 3rd period - Slapshot by Alec Martinez.
15:36 of 3rd period - Stopped by Barry Brust without a rebound.
15:37 of 3rd period - Tom Pyatt wins face-off versus Randy Robitaille in Thunder zone.
15:37 of 3rd period - Tom Pyatt is hit by Chris Dingman.
15:43 of 3rd period - Slapshot by Joey Ryan.
15:43 of 3rd period - Stopped by Richard Bachman with a rebound.
15:45 of 3rd period - Slapshot by Adam Hall.
15:45 of 3rd period - Shot Misses the Net.
15:47 of 3rd period - Slapshot by Joey Ryan.
15:47 of 3rd period - Shot Misses the Net.
16:03 of 3rd period - Snap shot by David Clarkson.
16:03 of 3rd period - Stopped by Richard Bachman without a rebound.
16:04 of 3rd period - Mikael Backlund wins face-off versus Kelly Zajac in Monarchs zone.
16:57 of 3rd period - Chris Dingman is hit by Dany Roussin and loses puck.
17:08 of 3rd period - Slapshot by Pierre-Alexandre Parenteau.
17:08 of 3rd period - Stopped by Richard Bachman without a rebound.
17:09 of 3rd period - Tom Pyatt wins face-off versus Mason Raymond in Monarchs zone.
17:55 of 3rd period - Minor Penalty to Mat Clark for Hooking.
17:56 of 3rd period - Scott Parse wins face-off versus Randy Robitaille in Thunder zone.
17:56 of 3rd period - Scott Parse is hit by Cam Fowler.
19:02 of 3rd period - David Fischer is hit by Jon Merrill and loses puck.
19:55 of 3rd period - Penalty to Mat Clark is over, Mat Clark is back on ice.
Goals for this period are 2 for Monarchs vs 0 for Thunder.
Shots for this period are 5 for Monarchs vs 7 for Thunder.
Output by the SimonT Hockey Simulator (STHS) for François Prévost -- Original Page W3C XHTML 1.0 Valid